 Dungeon Crawl Stone Soup version 0.25.1-2-g60ff931df9 (webtiles) character file.

Game seed: 17416253855446203022

4235 gruber the Thaumaturge (level 10, -1/50 HPs)
             Began as a Deep Elf Earth Elementalist on Nov 17, 2020.
             Was a Believer of Vehumet.
             Shot with an arrow by a centaur (7 damage)
             ... on level 8 of the Dungeon.
             The game lasted 00:11:48 (9508 turns).

gruber the Thaumaturge (DEEE)                       Turns: 9508, Time: 00:11:49

Health: -1/50      AC:  5    Str:  5    XL:     10   Next: 9%
Magic:  25/28      EV: 13    Int: 24    God:    Vehumet [**....]
Gold:   559        SH:  0    Dex: 15    Spells: 20/33 levels left

rFire    . . .     SeeInvis .   z - +0 whip (flame)
rCold    . . .     Gourm    .   (no shield)
rNeg     . . .     Faith    .   c - +0 robe
rPois    +         Spirit   .   a - +0 helmet (curse)
rElec    .         Reflect  .   q - +0 cloak
rCorr    .         Harm     .   (no gloves)
MR       +....                  L - +0 pair of boots
Stlth    ++........             x - amulet of magic regeneration
HPRegen  0.16/turn              j - ring of wizardry
MPRegen  0.46/turn              F - ring of poison resistance

@: no status effects
A: no striking features
a: Renounce Religion


You were on level 8 of the Dungeon.
You worshipped Vehumet.
Vehumet was pleased with you.
You were not hungry.

You visited 2 branches of the dungeon, and saw 9 of its levels.

You collected 559 gold pieces.

Inventory:

Hand Weapons
 z - a +0 whip of flaming (weapon)
Missiles
 b - 155 stones (quivered)
Armour
 a - a cursed +0 helmet (worn)
 c - a +0 robe (worn)
 q - a +0 cloak (worn)
 L - a +0 pair of boots (worn)
Jewellery
 j - a ring of wizardry (left hand)
 x - an amulet of magic regeneration (around neck)
 F - a ring of poison resistance (right hand)
Wands
 n - a wand of disintegration (16)
 y - a wand of paralysis (14)
 J - a wand of iceblast (10)
Scrolls
 f - 3 scrolls of magic mapping {unknown}
 i - 5 scrolls of teleportation {unknown}
 l - a scroll of noise {unknown}
 m - a scroll of amnesia {unknown}
 r - 2 scrolls of enchant armour {unknown}
 s - 2 scrolls of enchant weapon {unknown}
 v - 10 scrolls of identify {unknown}
 w - 4 scrolls of remove curse {unknown}
 A - a scroll of blinking {unknown}
 B - a scroll of fear {unknown}
 E - a scroll of random uselessness {unknown}
 G - 2 scrolls of fog {unknown}
 I - 2 scrolls of immolation {unknown}
Potions
 e - a potion of magic {unknown}
 g - 3 potions of lignification {unknown}
 h - 3 potions of invisibility {unknown}
 k - 3 potions of stabbing {unknown}
 o - 2 potions of haste {unknown}
 p - 2 potions of heal wounds {unknown}
 t - 3 potions of flight {unknown}
 u - 4 potions of curing {unknown}
 C - 2 potions of degeneration {unknown}
 D - 2 potions of brilliance {unknown}
 H - a potion of resistance {unknown}
 K - a potion of mutation {unknown}
 N - a potion of ambrosia {unknown}
Comestibles
 d - 17 rations
 M - 6 chunks of flesh


   Skills:
 - Level 2.4 Dodging
 - Level 2.4 Stealth
 - Level 12.0 Spellcasting
 - Level 8.0 Conjurations
 - Level 1.1 Transmutations
 * Level 10.1 Earth Magic


You had 20 spell levels left.
You knew the following spells:

 Your Spells              Type           Power        Failure   Level  Hunger
a - Sandblast             Erth           ######       1%          1    None
b - Stone Arrow           Conj/Erth      ######       1%          3    None
c - Lee's Rapid Deconstr  Erth           ######....   1%          5    ###....
d - Petrify               Tmut/Erth      #####...     1%          4    None

Your spell library contained the following spells:

 Spells                   Type           Power        Failure   Level  Hunger
 Shock                    Conj/Air       ####         1%          1    None
 Passwall                 Tmut/Erth      #####...     1%          2    None


Dungeon Overview and Level Annotations

Branches:
Dungeon (8/15)             Temple (1/1) D:5
   Lair: D:8-11

Altars:
Ashenzari
Cheibriados
Dithmenos
Elyvilon
Fedhas
Gozag
Hepliaklqana
Kikubaaqudgha
Makhleb
Nemelex Xobeh
Okawaru
Qazlal
Ru
Sif Muna
Trog
Uskayaw
Vehumet
Wu Jian
Xom
Yredelemnul
Zin
The Shining One
Lugonu

Shops:
D:4 *

Annotations:
D:5 1 runed translucent door


Message History

The shadow imp gestures at you. Pain shoots through your body!
The centaur wields a +0 shortbow.
The centaur shoots an arrow.
The arrow barely misses you. The shadow imp gestures at you.
Pain shoots through your body! The shadow imp gestures at you.
Pain shoots through your body!
* * * LOW HITPOINT WARNING * * *
Casting: Stone Arrow (safe; 1% risk of failure)
Confirm with . or Enter, or press ? or * to list all spells.
Aiming: Stone Arrow (safe; 1% risk of failure)
Press: ? - help, Shift-Dir - straight line, f - centaur
Aim: a centaur, wielding a +0 shortbow and quivering 27 arrows The stone arrow hits the centaur!
The centaur is heavily wounded.
The centaur shoots an arrow.
The arrow hits you!
* * * LOW HITPOINT WARNING * * *
The centaur shoots an arrow.
The arrow hits you!
You die...

#####.# #.
#................
#.....# #.
#.###.###.#.#..##
..###.# #
#.##.........#.#..##
......#
.##.#..^.....#..........
#.###...
<...........#..........
#.#
#.......##.##....#....
###
#..................... #
.##...##.###............
#
.......@................
#
.#.....#.###..#....#..#.
#
..5.c5.....#.[#...##..#.
......................#.
..........#.............
.#......................
..................##..##
.#..#
.#......#.##......##..#
..#..#
.#.#.#...........#


You could see a centaur and 2 shadow imps.

Vanquished Creatures
  Pikel (D:4)
  3 hippogriffs
  Sigmund (D:5)
  Menkaure (D:5)
  A water moccasin (D:7)
  2 sky beasts (D:8)
  A slave (D:3)
  An ice beast (D:7)
  A centaur (D:6)
  3 black bears
  4 ogres
  A phantom (D:4)
  Blork the orc (D:5)
  2 bullfrogs
  A wyvern skeleton (D:5)
  A scorpion (D:7)
  3 killer bees (D:7)
  3 wights (D:8)
  A howler monkey (D:6)
  A crimson imp (D:6)
  A bullfrog zombie (D:5)
  A centaur zombie (D:7)
  4 hounds
  3 jellies
  6 orc wizards
  An orc priest (D:3)
  2 centaur skeletons (D:4)
  8 worker ants
  2 iguanas
  3 killer bee zombies
  A howler monkey zombie (D:7)
  7 gnolls
  11 adders
  3 shadow imps
  3 oozes
  An adder skeleton (D:7)
  An adder zombie (D:4)
  4 worms
  A dart slug (D:2)
  11 leopard geckos
  26 orcs
  A ball python (D:6)
  5 bats
  5 giant cockroaches
  10 goblins
  8 hobgoblins
  16 jackals
  8 quokkas
  4 frilled lizards
  A jackal skeleton (D:5)
  8 kobolds
  A leopard gecko skeleton (D:4)
  9 rats
209 creatures vanquished.

Notes
Turn   | Place    | Note
-------+----------+-------------------------------------------
     0 | D:1      | gruber the Deep Elf Earth Elementalist began the quest for
                  | the Orb.
     0 | D:1      | Reached XP level 1. HP: 10/10 MP: 6/6
   180 | D:1      | Reached XP level 2. HP: 15/15 MP: 0/8
   642 | D:1      | Reached XP level 3. HP: 17/19 MP: 6/10
   647 | D:1      | Learned a level 3 spell: Stone Arrow
  1003 | D:2      | Reached skill level 4 in Spellcasting
  1016 | D:2      | Found a hide-covered altar of Uskayaw.
  1197 | D:2      | Reached XP level 4. HP: 24/24 MP: 4/12
  1369 | D:2      | Found a glowing silver altar of Zin.
  1415 | D:2      | Reached skill level 5 in Earth Magic
  2123 | D:3      | Reached XP level 5. HP: 18/28 MP: 1/13
  2245 | D:3      | Found an iron altar of Okawaru.
  3030 | D:3      | Found an ancient bone altar of Kikubaaqudgha.
  3102 | D:3      | Found a burning altar of Makhleb.
  3109 | D:3      | Reached XP level 6. HP: 32/32 MP: 4/14
  3216 | D:3      | Reached skill level 1 in Conjurations
  3867 | D:4      | Found a stormy altar of Qazlal.
  3879 | D:4      | Found Harikeotz's Assorted Antiques.
  3935 | D:4      | Found a shattered altar of Ashenzari.
  4350 | D:4      | Reached XP level 7. HP: 36/36 MP: 12/15
  4500 | D:5      | Entered Level 5 of the Dungeon
  4702 | D:4      | Noticed Pikel
  4921 | D:4      | Reached skill level 5 in Conjurations
  4936 | D:4      | Learned a level 5 spell: Lee's Rapid Deconstruction
  4941 | D:4      | Learned a level 4 spell: Petrify
  4986 | D:4      | Paralysed by Pikel for 7 turns
  4993 | D:4      | Killed Pikel
  4993 | D:4      | Reached XP level 8. HP: 26/41 MP: 9/16
  5298 | D:4      | Found an ornate altar of the Wu Jian Council.
  5454 | D:5      | Found a runed translucent door.
  5454 | D:5      | Noticed an angel
  5455 | D:5      | Found a white marble altar of Elyvilon.
  5455 | D:5      | Found a white marble altar of Elyvilon.
  5555 | D:5      | Noticed Sigmund
  5741 | D:5      | Found a staircase to the Ecumenical Temple.
  5747 | D:5      | Noticed Menkaure
  5750 | Temple   | Entered the Ecumenical Temple
  5797 | Temple   | Became a worshipper of Vehumet
  5820 | D:5      | Killed Menkaure
  5820 | D:5      | Reached skill level 6 in Spellcasting
  6343 | D:5      | Killed Sigmund
  6343 | D:5      | Reached skill level 7 in Spellcasting
  6383 | D:5      | Noticed Blork the orc
  6391 | D:5      | Killed Blork the orc
  6391 | D:5      | Reached skill level 8 in Spellcasting
  6795 | D:6      | Found an opulent altar of Gozag.
  6945 | D:6      | Found a bloodstained altar of Trog.
  6948 | D:6      | Reached skill level 9 in Spellcasting
  6955 | D:6      | Reached XP level 9. HP: 45/45 MP: 4/24
  7235 | D:6      | Reached skill level 10 in Spellcasting
  7236 | D:6      | Reached * piety under Vehumet
  7236 | D:6      | Offered knowledge of Magic Dart by Vehumet.
  7395 | D:6      | Found a shimmering altar of Xom.
  7921 | D:7      | Reached skill level 11 in Spellcasting
  8118 | D:7      | Found a snail-covered altar of Cheibriados.
  8203 | D:7      | Reached skill level 12 in Spellcasting
  8663 | D:7      | Found a sacrificial altar of Ru.
  8686 | D:7      | Reached ** piety under Vehumet
  8688 | D:7      | Offered knowledge of Shock by Vehumet.
  9339 | D:8      | Reached XP level 10. HP: 50/50 MP: 22/28
  9356 | D:8      | Reached skill level 10 in Earth Magic
  9508 | D:8      | Shot with an arrow by a centaur

Illustrated notes

Levels and vault maps discovered:
D:1:      eino_arrival_water_cross, layout_loops_ring, st_stairs_1
D:2:      layout_basic, eat_drink_and_be_merry_uskayaw, zin_scriptorium,
          first_ration
D:3:      layout_basic, kennysheep_okawaru_gauntlet, kiku_gazebo_garden_becter,
          bloody_makhleb, st_stairs_4
D:4:      layout_gridville, lemuel_doored_altar,
          nicolae_qazlal_general_emergency, ashenzari_altar_1, serial_shops,
          nicolae_shop_overgrown_old_shop, item_on_display_b, uniq_pikel
D:5:      layout_cave_pods, elyvilon_altar_5, minmay_temple_entry_wispy,
          lemuel_angel_altar, uniq_sigmund, uniq_blork_the_orc, uniq_menkaure
D:6:      layout_loops_ring, nicolae_overflow_crystal_walls,
          lemuel_crystal_altar, trog_ov_bears_minmay, kennysheep_small_square
D:7:      layout_basic, kennysheep_little_box, kennysheep_mini, grunt_ogre_cave
D:8:      layout_basic
Temple:   corrupted_temple

Skill      XL: |  1  2  3  4  5  6  7  8  9 10 |
---------------+-------------------------------+-----
Earth Magic    | 4 5 7 9 10 | 10.1
Spellcasting   | 4 9 12 | 12.0
Conjurations   | 4 7 8 |  8.0
Dodging        | |  2.4
Stealth        | |  2.4
Transmutations | |  1.1

Action                   |  1- 3 |  4- 6 |  7- 9 | 10-12 || total
-------------------------+-------+-------+-------+-------++-------
Melee: Unarmed           |     1 |       |       |       ||     1
       Short sword       |    13 |    76 |       |       ||    89
       Whip              |       |       |    28 |       ||    28
 Cast: Sandblast         |    40 |    48 |    19 |       ||   107
       Stone Arrow       |     1 |    33 |   153 |     9 ||   196
       Petrify           |       |       |     4 |       ||     4
Evoke: Wand              |       |       |     1 |       ||     1
 Stab: Sleeping          |     4 |     5 |       |       ||     9
  Eat: Chunk             |     1 |    12 |    14 |       ||    27
       Ration            |       |       |     1 |       ||     1
Armor: Robe              |     3 |    23 |    22 |     1 ||    49
Dodge: Dodged            |    12 |    77 |    57 |     3 ||   149
